 Dungeon Crawl Stone Soup version 0.19-a0-712-g899c6ed (webtiles) character file.

20591 TheGoonsmith the Geomancer (level 12, -10/68 HPs)
             Began as a Gargoyle Earth Elementalist on June 19, 2016.
             Was a Priest of Vehumet.
             Mangled by a dire elephant (32 damage)
             ... on level 1 of the Lair of Beasts on June 20, 2016.
             The game lasted 00:42:33 (17901 turns).

TheGoonsmith the Geomancer (GrEE)                  Turns: 17901, Time: 00:42:33

Health: -10/68     AC: 16    Str: 18    XL:     12   Next: 81%
Magic:  18/25      EV: 15    Int: 20    God:    Vehumet [***...]
Gold:   208        SH:  0    Dex: 10    Spells: 5 memorised, 12 levels left

rFire  . . .     SeeInvis .     v - +11 great mace of Givvealach {elec, Stlth+}
rCold  + . .     Gourm    +     Y - +0 steam dragon armour
rNeg   + . .     Faith    .     (shield currently unavailable)
rPois  ∞         Spirit   .     (no helmet)
rElec  +         Dismiss  .     U - +0 cloak
rCorr  .         Reflect  .     N - +1 pair of gloves
SustAt .         Harm     .     (no boots)
MR     .....                    k - amulet of the gourmand
Stlth  +++.......               (no ring)
                                s - ring of protection from cold

@: mighty, not resistant to hostile enchantments, fairly stealthy
A: negative energy resistance 1, electricity resistance, unbreathing,
petrification resistance, rot immunity, AC +8
a: Renounce Religion


You were on level 1 of the Lair of Beasts.
You worshipped Vehumet.
Vehumet was most pleased with you.
You were completely stuffed.

You visited 3 branches of the dungeon, and saw 12 of its levels.
You also visited: Labyrinth and Ossuary.

You collected 604 gold pieces.
You spent 396 gold pieces at shops.

Inventory:

Hand Weapons
 v - the +11 great mace of Givvealach (weapon) {elec, Stlth+}
   (You took it off a minotaur in a labyrinth)

   Occasionally, upon striking a foe, it will discharge some electrical energy
   and cause terrible harm.
   It makes you more stealthy.
Missiles
 b - 226 stones (quivered)
Armour
 N - a +1 pair of gloves (worn)
 U - a +0 cloak (worn)
 Y - a +0 steam dragon armour (worn)
Magical Staves
 I - an uncursed staff of conjuration
Jewellery
 k - an amulet of the gourmand (around neck)
 n - an uncursed ring of ice
 s - a ring of protection from cold (left hand)
 w - a cursed -2 ring of protection {unknown}
 x - an uncursed ring of positive energy {unknown}
 L - the ring of Spring {Wiz rElec rPois MR- Slay+4, unknown}
   (You found it in a labyrinth)

   [ring of wizardry]

   It improves your spell success rate.
   It affects your accuracy and damage with ranged weapons and melee attacks
   (+4).
   It insulates you from electricity.
   It protects you from poison.
   It affects your resistance to hostile enchantments.
 M - an uncursed ring of stealth {unknown}
Wands
 O - a wand of confusion (42/48)
 P - a wand of flame (18/48)
 Q - a wand of polymorph (15/24)
 R - a wand of iceblast (5/15)
 S - a wand of polymorph (6/24)
Scrolls
 c - 2 scrolls of remove curse
 g - a scroll of recharging
 l - a scroll of blinking
 p - 3 scrolls of enchant weapon
 r - a scroll of enchant armour
 t - 2 scrolls of amnesia
 y - a scroll of fear
 T - 3 scrolls of teleportation
Potions
 h - 5 potions of curing
 j - 4 potions of mutation
 o - a potion of berserk rage
 q - 2 potions of ambrosia {unknown}
 u - a potion of magic {unknown}
 z - 2 potions of brilliance
 B - a potion of lignification {unknown}
 C - a potion of resistance {unknown}
 D - 3 potions of flight
 F - 2 potions of heal wounds
 H - 2 potions of agility
 J - a potion of haste
 X - a potion of cancellation {unknown}
Books
 e - a book of Necromancy

   Spells                             Type                      Level
   a - Pain                           Necromancy                   1
   b - Animate Skeleton               Necromancy                   1
   c - Vampiric Draining              Necromancy                   3
   d - Regeneration                   Charms/Necromancy            3
   e - Animate Dead                   Necromancy                   4
   f - Control Undead                 Necromancy                   4
Comestibles
 a - 5 chunks of flesh
 d - 7 bread rations
 i - a slice of pizza
 m - 8 beef jerkies
 V - a fruit


   Skills:
 - Level 5.0 Fighting
 - Level 8.0 Dodging
 - Level 2.1 Stealth
   Level 4.5 Shields
 + Level 9.8 Spellcasting
 - Level 6.5 Conjurations
 - Level 3.0 Transmutations
 * Level 14.6 Earth Magic


You had 12 spell levels left.
You knew the following spells:

 Your Spells              Type           Power        Failure   Level  Hunger
a - Sandblast             Erth           ######       0%          1    None
b - Petrify               Tmut/Erth      #####...     1%          4    ##.....
c - Irradiate             Conj/Tmut      ####......   9%          5    #####..
x - Stone Arrow           Conj/Erth      ######       1%          3    None
z - Lee's Rapid Deconstr  Erth           ######....   1%          5    #####..


Dungeon Overview and Level Annotations

Branches:
Dungeon (10/15)            Temple (1/1) D:7            Lair (1/6) D:10
    Orc: D:9-12

Altars:
Ashenzari
Cheibriados
Dithmenos
Elyvilon
Fedhas
Gozag
Hepliaklqana
Kikubaaqudgha
Makhleb
Nemelex Xobeh
Okawaru
Pakellas
Qazlal
Ru
Sif Muna
Trog
Uskayaw
Vehumet
Xom
Yredelemnul
Zin
The Shining One

Shops:
D:6 (   D:10 !


Innate Abilities, Weirdness & Mutations

You are resistant to torment.
Your stone body is resilient. (AC +8)
You are immune to poison.
You resist negative energy. (rN+)
You are resistant to electric shocks. (rElec)
You can survive without breathing.
You are immune to petrification.
You are immune to rotting.


Message History

* * * LOW HITPOINT WARNING * * *
You stumble backwards!
You feel very mighty all of a sudden. The dire elephant barely misses you. x2
You barely miss the dire elephant.
The dire elephant is severely wounded.
The dire elephant barely misses you.
The dire elephant trunk-slaps you but does no damage.
The dire elephant completely misses you.
The dire elephant trunk-slaps you but does no damage.
You feel much better.
The dire elephant tramples you but does no damage.
The dire elephant trunk-slaps you.
You bludgeon the dire elephant!!
The dire elephant is almost dead.
The dire elephant tramples you!
You stumble backwards!
You thump the dire elephant!
The dire elephant is almost dead.
The dire elephant tramples you!!
You die...

#..)........♣ .....÷..≈P.÷÷...
#..######...♣ .....÷..≈≈.....P
#...#####...♣♣ P.P......≈≈.....
.............♣♣ P..P......≈.P..P
...>..........♣ PP..........PP
..........÷...♣♣ ..P....PPPP
...............♣♣ ♣....♣
................♣♣♣♣♣♣....♣♣♣♣♣
...............@Y...............
................................
#................?...........?..
##..............................
#.....##.......................
....#.........................
.........[.........(.........
.P###..................... .#
##....................


You could see a dire elephant.

Vanquished Creatures
  Gastronok (Lair:1)
  A minotaur (Lab)
  2 hill giants
  Pikel (D:4)
  The ghost of edsrzf the Poker, a novice DsSk of Nemelex Xobeh (D:8)
  2 ugly things
  14 elephants (Lair:1)
  Maurice (D:8)
  2 spiny frogs (Lair:1)
  A centaur skeleton (D:10)
  2 komodo dragons (Lair:1)
  Prince Ribbit (D:6)
  Grinder (D:4)
  Sigmund (D:5)
  A spriggan (Lair:1)
  A basilisk (Lair:1)
  2 hippogriffs
  4 fire bats (D:10)
  5 yaks (D:9)
  2 steam dragons
  4 vampire mosquitoes (Lair:1)
  Menkaure (D:5)
  A water moccasin (D:9)
  A hell hound (D:10)
  3 slaves
  An orc warrior (D:6)
  A porcupine (Lair:1)
  2 swamp drakes (Lair:1)
  An ice beast (D:5)
  2 sky beasts
  2 phantoms (D:10)
  4 ogres
  A necrophage (D:9)
  4 centaurs
  A crocodile (Lair:1)
  3 big kobolds
  An elf zombie (Ossuary)
  Blork the orc (D:5)
  8 giant frogs
  2 gnoll sergeants (D:6)
  A wyvern skeleton (D:8)
  A water moccasin skeleton (D:6)
  A scorpion (D:10)
  4 killer bees (D:10)
  4 wights (D:9)
  6 crimson imps
  2 centaur zombies
  8 howler monkeys
  2 lava snakes (D:10)
  2 giant frog zombies (D:8)
  A quasit (D:10)
  4 jellies
  2 giant frog skeletons
  A human zombie (Ossuary)
  3 gnoll shamans (D:6)
  2 orc priests (D:6)
  5 hounds
  Terence (D:3)
  3 worker ants
  4 orc wizards
  9 iguanas
  11 sheep
  2 big kobold zombies (Ossuary)
  3 hound zombies
  A hound skeleton (D:4)
  2 mummies (Ossuary)
  A worker ant zombie (D:10)
  57 gnolls
  13 adders
  5 shadow imps
  2 oozes
  2 adder skeletons
  An adder zombie (D:7)
  2 worms
  4 giant geckos
  18 orcs
  4 bats
  A bat zombie (D:3)
  4 giant cockroaches
  8 goblins
  7 hobgoblins
  34 jackals
  14 kobolds
  7 quokkas
  3 ball pythons
  A giant gecko skeleton (D:7)
  4 giant newts
  2 goblin zombies (Ossuary)
  10 hobgoblin zombies (Ossuary)
  2 jackal skeletons
  A jackal zombie (Ossuary)
  11 kobold zombies (Ossuary)
  6 orc zombies (Ossuary)
  2 quokka skeletons
  4 rats
  3 rat zombies
  2 fire vortices (D:10)
  2 plants (D:10)
412 creatures vanquished.

Vanquished Creatures (others)
  A phantom (D:4)
  A giant frog (D:7)
  A hound (D:4)
  A worker ant (D:4)
  An ooze (D:7)
  An orc (D:4)
  A hobgoblin (D:4)
  A fire vortex (D:10)
  60 fungi (Lair:1)
  19 plants
87 creatures vanquished.

Grand Total: 499 creatures vanquished

Notes
Turn   | Place    | Note
--------------------------------------------------------------
     0 | D:1      | TheGoonsmith the Gargoyle Earth Elementalist began the quest for the Orb.
     0 | D:1      | Reached XP level 1. HP: 10/10 MP: 3/3
   407 | D:1      | Reached skill level 4 in Earth Magic
   539 | D:1      | Reached XP level 2. HP: 15/15 MP: 3/5
  1184 | D:2      | Reached XP level 3. HP: 19/19 MP: 3/6
  1280 | D:2      | Reached skill level 5 in Earth Magic
  1282 | D:2      | Reached XP level 4. HP: 24/24 MP: 3/8
  2211 | D:2      | Learned a level 3 spell: Stone Arrow
  2546 | D:3      | Reached XP level 5. HP: 28/28 MP: 4/9
  2639 | D:3      | Found an ancient bone altar of Kikubaaqudgha.
  2662 | D:3      | Noticed Terence
  2702 | D:3      | Killed Terence
  2702 | D:3      | Reached skill level 6 in Earth Magic
  3839 | D:4      | Noticed an ogre
  3849 | D:3      | Learned a level 5 spell: Lee's Rapid Deconstruction
  3855 | D:3      | Killed an ogre
  3855 | D:3      | Reached skill level 7 in Earth Magic
  3855 | D:3      | Reached XP level 6. HP: 32/32 MP: 6/11
  4472 | D:4      | Noticed a slave
  4475 | D:4      | Noticed a slave
  4480 | D:4      | Noticed a slave
  4482 | D:4      | Noticed Pikel
  4482 | D:4      | Killed a slave
  4531 | D:3      | Killed a slave
  4536 | D:3      | Killed a slave
  4696 | D:4      | Killed Pikel
  4696 | D:4      | Reached skill level 9 in Earth Magic
  4696 | D:4      | Reached XP level 7. HP: 19/36 MP: 0/14
  4696 | D:4      | Reached XP level 8. HP: 22/41 MP: 0/15
  4725 | D:4      | Found a hazy altar of Hepliaklqana.
  5009 | D:4      | Found a white marble altar of Elyvilon.
  5258 | D:4      | Reached skill level 5 in Spellcasting
  5704 | D:4      | Noticed Grinder
  5713 | D:4      | Killed Grinder
  5713 | D:4      | Reached skill level 10 in Earth Magic
  5881 | D:5      | Entered Level 5 of the Dungeon
  6023 | D:5      | Noticed Blork the orc
  6027 | D:5      | Killed Blork the orc
  6154 | D:5      | Noticed Menkaure
  6157 | D:5      | Killed Menkaure
  6352 | D:5      | Found a shattered altar of Ashenzari.
  6372 | D:5      | Reached skill level 11 in Earth Magic
  6433 | D:5      | Reached skill level 1 in Conjurations
  6438 | D:5      | Reached XP level 9. HP: 45/45 MP: 6/18
  6589 | D:5      | Found a shadowy altar of Dithmenos.
  6594 | D:5      | Noticed Sigmund
  6637 | D:5      | Killed Sigmund
  6852 | D:6      | Found a glowing golden altar of the Shining One.
  6945 | D:6      | Noticed Prince Ribbit
  6950 | D:6      | Killed Prince Ribbit
  6950 | D:6      | Reached skill level 5 in Conjurations
  7124 | D:6      | Found a sand-covered staircase.
  7135 | Ossuary  | Entered an ossuary
  7844 | D:6      | Found Ompuyc's Antique Weapon Boutique.
  7866 | D:6      | Bought a translucent trident for 204 gold pieces
  7866 | D:6      | Identified the cursed +0 trident "Xunamin" {pierce, rPois MR+} (You bought it in a shop on level 6 of the Dungeon)
  8141 | D:6      | Reached skill level 1 in Fighting
  8626 | D:6      | Reached XP level 10. HP: 50/58 MP: 16/20
  8753 | D:6      | Reached skill level 5 in Fighting
  8754 | D:6      | Reached skill level 1 in Shields
  9022 | D:6      | Noticed a hill giant
  9382 | D:6      | Killed a hill giant
  9519 | D:6      | Found a snail-covered altar of Cheibriados.
  9732 | D:7      | Got a smoking flail
  9736 | D:7      | Identified the cursed +1 flail of Disintegration {flame, rC+ Int+3} (You found it on level 7 of the Dungeon)
  9803 | D:7      | Got a scorched hunting sling
  9804 | D:7      | Identified the +5 hunting sling "Guefois" {venom, rF- Int+6} (You found it on level 7 of the Dungeon)
  9852 | D:7      | Noticed a cyan ugly thing
  9859 | D:7      | Killed a cyan ugly thing
  9995 | D:7      | Found a staircase to the Ecumenical Temple.
 10155 | Temple   | Entered the Ecumenical Temple
 10360 | Temple   | Became a worshipper of Vehumet
 10858 | D:7      | Learned a level 4 spell: Petrify
 11057 | D:8      | Noticed Maurice
 11219 | D:8      | Killed Maurice
 11219 | D:8      | Reached skill level 5 in Dodging
 11527 | D:8      | Noticed a hill giant
 11532 | D:8      | Killed a hill giant
 11539 | D:8      | Noticed edsrzf's ghost (novice DsSk)
 11829 | D:8      | Found a hide-covered altar of Uskayaw.
 11876 | D:8      | Reached * piety under Vehumet
 11876 | D:8      | Offered knowledge of Freeze by Vehumet.
 11951 | D:8      | Killed edsrzf's ghost
 11951 | D:8      | Reached XP level 11. HP: 63/63 MP: 3/21
 12626 | D:9      | Noticed a white ugly thing
 12631 | D:9      | Killed a white ugly thing
 12945 | D:9      | Found an oddly glowing altar of Pakellas.
 13117 | D:9      | HP: 2/63 [yak (13)]
 13342 | D:9      | Reached skill level 1 in Transmutations
 13700 | D:9      | Found an opulent altar of Gozag.
 13927 | D:9      | Offered knowledge of Searing Ray by Vehumet.
 13927 | D:9      | Reached ** piety under Vehumet
 13928 | D:9      | Found an iron altar of Okawaru.
 14140 | D:10     | Entered Level 10 of the Dungeon
 14276 | D:10     | Found a staircase to the Lair.
 14664 | D:10     | Found Titzovidgh's Distillery.
 14669 | D:10     | Bought a potion of agility for 64 gold pieces
 14669 | D:10     | Bought a potion of brilliance for 64 gold pieces
 14669 | D:10     | Bought a potion of might for 64 gold pieces
 15552 | Lair:1   | Entered Level 1 of the Lair of Beasts
 15566 | Lair:1   | Found a labyrinth entrance.
 15576 | Lair:1   | Offered knowledge of Inner Flame by Vehumet.
 15580 | Lab      | Entered a labyrinth
 16061 | Lab      | Noticed a minotaur
 16066 | Lab      | Killed a minotaur
 16069 | Lab      | Got a crude great mace {elec}
 16074 | Lab      | Got a slimy tin ring
 16085 | Lab      | Identified the +11 great mace of Givvealach {elec, Stlth+} (You took it off a minotaur in a labyrinth)
 16157 | Lair:1   | Reached skill level 12 in Earth Magic
 16225 | Lair:1   | Reached XP level 12. HP: 32/68 MP: 3/24
 16406 | D:10     | Reached *** piety under Vehumet
 16500 | Lair:1   | Learned a level 5 spell: Irradiate
 16652 | Lair:1   | Reached skill level 13 in Earth Magic
 16748 | Lair:1   | Noticed Gastronok
 16774 | Lair:1   | Offered knowledge of Force Lance by Vehumet.
 16891 | Lair:1   | Killed Gastronok
 17473 | Lair:1   | Reached skill level 14 in Earth Magic
 17881 | Lair:1   | Noticed a dire elephant
 17901 | Lair:1   | Mangled by a dire elephant

Vault maps used:
D:1:      dpeg_arrival_more_subterranean_lakeside_camping, serial_forest,
          infiniplex_forest_straight_3, infiniplex_forest_lined_2,
          infiniplex_forest_lined_room_, infiniplex_forest_clump_small,
          infiniplex_forest_split, infiniplex_forest_end_1,
          infiniplex_forest_diagonal
D:3:      lemuel_zombie_altar_kikubaaqudgha, first_bread, uniq_terence
D:4:      minmay_opposing_rooms, kennysheep_mini_moat, elyvilon_altar_1,
          uniq_natasha, uniq_grinder, uniq_pikel
D:5:      grunt_dithmenos_smoke, basic_altar, uniq_menkaure, uniq_sigmund,
          uniq_blork_the_orc
D:6:      lemuel_castle_with_subvaults, lemuel_coloured_pillars_altar,
          overflow_temple_1_default, serial_shops, shop,
          nicolae_ossuary_entry_plus, uniq_prince_ribbit1
D:7:      lemuel_temple_firewalk_marked, grunt_ogre_cave
D:8:      nicolae_overflow_hidden_temple, uniq_maurice
D:9:      minmay_ornate_pinched, old_standard_altar, lemuel_round_altar,
          okawaru_altar_gauntlet_db
D:10:     dpeg_oklobed_lair, serial_shops, kennysheep_little_box,
          hangedman_incinerator
Temple:   eino_temple_water_12
Lair:1:   mu_elephants_graveyard, lab_entry_generic, ldierk_geyser, pond,
          uniq_gastronok
Lab:      nicolae_lab_do_over, labyrinth_glass_1, nicolae_lab_lava,
          nicolae_lab_statue, nicolae_lab_very_dead_end
Ossuary:  ossuary_tomb_1

Skill      XL: |  1  2  3  4  5  6  7  8  9 10 11 12 |
---------------+-------------------------------------+-----
Earth Magic    | 4 5 7 9 11 12 14 | 14.6
Spellcasting   | 3 4 6 7 8 9 |  9.8
Conjurations   | 2 6 |  6.5
Fighting       | 4 5 |  5.0
Shields        | 4 |  4.5
Dodging        | 6 8 |  8.0
Transmutations | 3 |  3.0
Stealth        | |  2.1

Action                   |  1- 3 |  4- 6 |  7- 9 | 10-12 || total
-------------------------+-------+-------+-------+-------++-------
Melee: Whip              |     8 |    27 |    14 |       ||    49
       Long sword        |       |       |    49 |       ||    49
       Flail             |       |       |       |    57 ||    57
       Great mace        |       |       |       |    93 ||    93
 Cast: Sandblast         |    36 |   178 |   247 |   179 ||   640
       Stone Arrow       |       |       |    14 |   181 ||   195
       Lee's Rapid Decon |       |       |    12 |    64 ||    76
       Petrify           |       |       |       |     3 ||     3
Evoke: Wand              |       |       |       |     3 ||     3
  Use: Potion            |       |     2 |       |     6 ||     8
       Scroll            |       |       |    11 |    14 ||    25
  Eat: Chunk             |     1 |    11 |    12 |    32 ||    56
       Bread ration      |       |       |     1 |     5 ||     6
       Beef jerky        |       |       |       |     1 ||     1
       Royal jelly       |       |       |       |     1 ||     1
Armor: Robe              |     8 |    49 |    71 |    76 ||   204
       Skin              |       |       |       |     1 ||     1
       Steam dragon armo |       |       |       |    86 ||    86
Dodge: Dodged            |    26 |    96 |   137 |   250 ||   509
Block: Buckler           |       |       |       |    39 ||    39
